 Dungeon Crawl Stone Soup version 0.17-a0-1164-g0ba867e (webtiles) character file.

259155 Lugonue the Scorcher (level 19, -8/178 HPs)
             Began as a Hill Orc Fighter on May 27, 2015.
             Was a High Priest of Vehumet.
             Killed from afar by a titan (52 damage)
             ... with a bolt of lightning
             ... created by the fury of Okawaru
             ... on level 1 of the Vaults on May 28, 2015.
             The game lasted 03:22:23 (33296 turns).

Lugonue the Scorcher (Hill Orc Fighter)            Turns: 33296, Time: 03:22:23

Health: -8/178     AC: 21    Str: 35    XL:     19   Next: 89%
Magic:  33/35      EV: 17    Int: 21    God:    Vehumet [*****.]
Gold:   1380       SH: 17    Dex: 15    Spells: 10 memorised, 6 levels left

rFire  + . .     SeeInvis +     a - +7 war axe of the Valley of Death {flame, rC- rN+++ Str+3}
rCold  + . .     Clarity  .     E - +4 scale mail "Zeocre" {Int+5 SInv}
rNeg   + + +     SustAt   .     c - +2 shield
rPois  +         Gourm    .     v - +0 hat of Ycviynwo {rC+}
rElec  .         Spirit   .     N - +2 cloak {+Inv}
rCorr  .         Warding  .     z - +2 pair of gloves {Str+3}
rMut   .         Stasis   .     t - -2 pair of boots "Zaohug" {*Drain MR+ Regen+ Dex+2}
MR     ++...                    Q - amulet of faith
Stlth  ..........               K - ring "Beng" {rPois rF+ rC+ Str+8 Stlth-}
                                q - +5 ring of intelligence

@: very resistant to hostile enchantments, extremely unstealthy
A: horns 1, rugged brown scales 2, MP-powered wands
a: Renounce Religion, Evoke Invisibility
}: 2/15 runes: decaying, gossamer


You were on level 1 of the Vaults.
You worshipped Vehumet.
Vehumet was extremely pleased with you.
You were hungry.

You visited 8 branches of the dungeon, and saw 38 of its levels.
You visited the Abyss 1 time.
You also visited: Labyrinth, Ossuary and Ice Cave.

You collected 3608 gold pieces.
You spent 2228 gold pieces at shops.

Inventory:

Hand weapons
 a - the +7 war axe of the Valley of Death (weapon) {flame, rC- rN+++ Str+3}
   (Okawaru gifted it to you on level 4 of the Orcish Mines)

   It has been specially enchanted to burn those struck by it, causing extra
   injury to most foes and up to half again as much damage against particularly
   susceptible opponents.
   Big, fiery blades are also staple armaments of hydra-hunters.
   It affects your strength (+3).
   It makes you vulnerable to cold.
   It renders you almost immune to negative energy.
 b - the +9 hand axe "Omuosut" {elec, rPois rC- Int+4}
   (You found it on level 8 of the Dungeon)

   Occasionally, upon striking a foe, it will discharge some electrical energy
   and cause terrible harm.
   It affects your intelligence (+4).
   It makes you vulnerable to cold.
   It protects you from poison.
 d - a +6 broad axe of distortion
Armour
 c - a +2 shield (worn)
 t - the -2 pair of boots "Zaohug" (worn) {*Drain MR+ Regen+ Dex+2}
   (You found it on level 4 of the Lair of Beasts)

   It affects your dexterity (+2).
   It affects your resistance to hostile enchantments.
   It increases your rate of regeneration.
   It causes draining when unequipped.
 v - the +0 hat of Ycviynwo (worn) {rC+}
   (Okawaru gifted it to you on level 2 of the Swamp)

   It protects you from cold.
 z - a +2 pair of gloves of strength (worn)
 E - the +4 scale mail "Zeocre" (worn) {Int+5 SInv}
   (You bought it in a shop on level 9 of the Dungeon)

   It affects your intelligence (+5).
   It lets you see invisible.
 N - a +2 cloak of invisibility (worn)
Magical staves
 x - an uncursed staff of energy
Jewellery
 n - a +2 ring of strength {unknown}
 q - a +5 ring of intelligence (left hand)
 D - a +5 ring of slaying
 K - the ring "Beng" (right hand) {rPois rF+ rC+ Str+8 Stlth-}
   (You bought it in a shop on level 4 of the Orcish Mines)

   [ring of poison resistance]

   It affects your strength (+8).
   It protects you from fire.
   It protects you from cold.
   It protects you from poison.
   It makes you less stealthy.
 O - the ring "Gafi" {*Corrode rElec rPois rN+ Stlth+}
   (You found it in a labyrinth)

   [ring of positive energy]

   It insulates you from electricity.
   It protects you from poison.
   It protects you from negative energy.
   It may corrode your equipment when you take damage.
   It makes you more stealthy.
 Q - an amulet of faith (around neck)
 R - an uncursed ring of sustain attributes
 V - an uncursed ring of fire
Magical devices
 f - a wand of digging (14)
 C - a wand of confusion (16)
 L - a wand of paralysis (6)
Scrolls
 g - 8 scrolls of identify
 i - 7 scrolls of amnesia
 l - 6 scrolls of immolation
 p - 18 scrolls of remove curse
 u - 10 scrolls of teleportation
 y - 2 scrolls of torment
 B - 3 scrolls of silence
 G - 8 scrolls of recharging
 M - 6 scrolls of fog
 U - 5 scrolls of magic mapping
 Y - a scroll of holy word
Potions
 h - 10 potions of curing
 j - 6 potions of haste
 k - 2 potions of invisibility
 m - 4 potions of resistance
 r - a potion of berserk rage
 s - a potion of cancellation
 w - 5 potions of brilliance
 H - 6 potions of ambrosia
 P - a potion of flight
 S - 2 potions of cure mutation
 W - 2 potions of agility
 X - 2 potions of heal wounds
 Z - 5 potions of might
Books
 o - a book of Enchantments

   Spells                             Type                      Level
   a - Cause Fear                     Hexes                        4
   b - Silence                        Hexes/Air                    5
   c - Deflect Missiles               Charms/Air                   6
   d - Haste                          Charms                       6
   e - Discord                        Hexes                        8
 J - a book of Annihilations {highlevel}

   Spells                             Type                      Level
   a - Poison Arrow                   Conjuration/Poison           6
   b - Chain Lightning                Conjuration/Air              8
   c - Lehudib's Crystal Spear        Conjuration/Earth            8
   d - Glaciate                       Conjuration/Ice              9
   e - Fire Storm                     Conjuration/Fire             9
Comestibles
 e - 19 bread rations
 A - 4 beef jerkies
 F - a chunk of flesh
 I - 5 fruits
 T - 12 royal jellies


   Skills:
 - Level 15.0 Fighting
 - Level 14.6 Axes
 - Level 10.3 Armour
 - Level 10.0 Dodging
 - Level 15.0 Shields
 - Level 12.3 Spellcasting
 + Level 11.2 Conjurations
 + Level 1.0 Charms
 + Level 5.0 Translocations
 + Level 17.4 Fire Magic
   Level 2.5 Invocations


You had 6 spell levels left.
You knew the following spells:

 Your Spells              Type           Power        Failure   Level  Hunger
a - Deflect Missiles      Chrm/Air       ###.......   100%        6    #####..
b - Haste                 Chrm           ###.....     100%        6    #####..
c - Repel Missiles        Chrm/Air       ###...       12%         2    None
d - Blink                 Tloc           N/A          1%          2    None
e - Conjure Flame         Conj/Fire      ######..     1%          3    None
f - Control Teleport      Chrm/Tloc      ####......   24%         4    None
g - Fireball              Conj/Fire      ######....   1%          5    ####...
h - Inner Flame           Hex/Fire       #####...     1%          3    None
i - Sticky Flame          Conj/Fire      ######..     1%          4    None
j - Apportation           Tloc           ####......   1%          1    None


Dungeon Overview and Level Annotations

Branches:
Dungeon (15/15)            Temple (1/1) D:6            Lair (8/8) D:9
  Swamp (4/4) Lair:5       Spider (4/4) Lair:4        Slime (0/6) Lair:7
    Orc (4/4) D:10         Vaults (1/5) D:13         Depths (1/5) D:15
    Elf: Orc:3-4

Altars:
Cheibriados
Dithmenos
Elyvilon
Gozag
Kikubaaqudgha
Makhleb
Nemelex Xobeh
Okawaru
Qazlal
Sif Muna
Trog
Vehumet
Xom
Yredelemnul
Zin
The Shining One

Shops:
D:7 (   D:9 [   D:11 *   Orc:4 :*=(   Depths:1 ?

Portals:
Hell: Depths:1


Innate Abilities, Weirdness & Mutations

You have a pair of small horns on your head.
You are mostly covered in rugged brown scales (AC +2, +5% HP).
You expend magic power (3 MP) to strengthen your wands.


Message History

The titan is engulfed in roaring flames.
The titan casts a spell at you. The bolt of lightning hits you!
* * * LOW HITPOINT WARNING * * *
You slice the titan!! You burn the titan. You headbutt the titan.
The titan is almost dead.
The titan is engulfed in roaring flames.
The titan mumbles some strange words.
The titan is healed somewhat.
Unknown command.
You are too injured to fight recklessly!
You open the titan like a pillowcase!!! You burn the titan.
You kill the titan!
That felt strangely unrewarding.
You slice the titan!! You burn the titan. You headbutt the titan!
The titan is moderately wounded.
The titan is engulfed in roaring flames.
The titan casts a spell at you. The bolt of lightning hits you!
You die...

#....#...>..#
#....#......#
########....'......#
#......#....#......#
#......#....########
#......#....#
#......#....##########
#......#..[[C..(.....#####
#....))))...#@)(.........#
########.C..######...(...#
#.C..##....(∩.....#
#.C..##)..#...#####
#....##........#
#..§§######....... #...§#
#######+ #....# #....#


You could see a titan.

Vanquished Creatures
  A deep elf blademaster (D:15)
  4 titans
  3 tentacled starspawn (Abyss:1)
  Gastronok (Lair:2)
  Agnes (D:15)
  A thorn hunter (Swamp:2)
  Kirke (Lair:7)
  A tengu reaver (Depths:1)
  5 fire giants
  Donald (D:13)
  3 frost giants
  Louise (Swamp:3)
  2 vault wardens (Vaults:1)
  3 emperor scorpions (Spider:4)
  An orc warlord (D:14)
  5 ghost moths (Spider:4)
  3 rakshasas
  The ghost of Xoff the Fighter, a powerful GrFi of Okawaru (Spider:2)
  4 stone giants
  An ironheart preserver (Vaults:1)
  Nessos (Lair:7)
  A red draconian (D:15)
  A mottled draconian (Depths:1)
  A purple draconian (Depths:1)
  A merfolk javelineer (D:14)
  Erolcha (D:9)
  Josephine (D:15)
  5 fire dragons
  20 hydras
  2 yaktaur captains (Vaults:1)
  A minotaur (Lab)
  3 ice dragons
  A great orb of eyes (Depths:1)
  7 centaur warriors
  An entropy weaver (Spider:4)
  A ghost crab (Swamp:3)
  Erica (D:8)
  11 alligators
  11 death yaks (Lair:8)
  A salamander stormcaller (D:13)
  6 ogre magi
  4 tengu warriors
  2 vampire magi (Depths:1)
  A soul eater (Vaults:1)
  4 thrashing horrors (Abyss:1)
  4 fire crabs
  2 deep elf knights
  5 skeletal warriors
  A giant orange brain (Vaults:1)
  A spatial maelstrom (Abyss:1)
  5 unseen horrors
  A spriggan druid (Swamp:4)
  4 hill giants
  4 ice statues
  5 shambling mangroves
  6 ironbrand convokers (Vaults:1)
  10 swamp dragons
  2 necromancers
  10 ugly things
  7 orc knights
  A shining eye (Abyss:1)
  12 hornets
  2 oklob plants (Swamp:2)
  11 orb spiders
  2 wizards
  2 lindwurms
  10 black mambas
  3 cyclopes
  4 orc sorcerers
  A manticore (D:12)
  2 griffons
  2 salamanders (Depths:1)
  A guardian serpent (Lair:8)
  30 wolf spiders
  Maurice (D:8)
  A sixfirhy (Abyss:1)
  12 elephants
  2 moths of wrath
  A vault sentinel (Vaults:1)
  3 centaur skeletons
  An orange demon (Abyss:1)
  5 torpor snails (Lair:8)
  An apocalypse crab (Abyss:1)
  An eye of devastation (shapeshifter) (Vaults:1)
  2 smoke demons (Abyss:1)
  21 spiny frogs
  A gargoyle (D:13)
  A spiny frog (shapeshifter) (Vaults:1)
  6 demonic crawlers
  10 komodo dragons
  An ancient zyme (Abyss:1)
  A tengu conjurer (D:15)
  An entropy weaver zombie (Depths:1)
  4 starcursed masses (Abyss:1)
  5 fire drakes
  12 yaktaurs
  A deep elf priest (Vaults:1)
  2 red devils
  3 merfolk (D:14)
  39 jumping spiders
  18 two-headed ogres
  6 blue devils (IceCv)
  8 giant leeches
  A hornet zombie (D:15)
  A raiju (Abyss:1)
  A wind drake (shapeshifter) (Vaults:1)
  Prince Ribbit (D:8)
  3 bog bodies
  A fire vortex (D:13)
  A queen bee (Spider:4)
  A boulder beetle (shapeshifter) (D:15)
  6 trolls
  15 ravens
  A frost giant simulacrum (Vaults:1)
  8 wandering mushrooms
  2 boulder beetles
  6 spriggans
  27 trapdoor spiders
  36 slime creatures
  7 blink frogs
  Sigmund (D:5)
  17 humans
  3 deep elf fighters
  49 redbacks
  21 tarantellas
  3 water elementals
  11 wraiths
  2 shadows
  3 deep elf magi
  2 neqoxecs (Abyss:1)
  39 yaks
  A ynoxinul (Abyss:1)
  Eustachio (D:5)
  A basilisk (shapeshifter) (Vaults:1)
  2 hogs (Lair:7)
  A chaos spawn (D:14)
  14 wolves
  6 wyverns
  2 hungry ghosts
  A yaktaur simulacrum (Depths:1)
  4 basilisks
  10 hippogriffs
  19 vampire mosquitoes
  6 wargs
  4 mottled dragons
  A spatial vortex (Abyss:1)
  12 swamp worms
  18 water moccasins
  4 large abominations (Abyss:1)
  A tengu skeleton (Depths:1)
  A spiny frog zombie (Abyss:1)
  21 spiders
  17 wasps
  14 orc warriors
  12 porcupines
  17 ice beasts
  8 small abominations (Abyss:1)
  10 boggarts
  4 sky beasts
  18 swamp drakes
  39 ogres
  2 black bears (D:8)
  4 necrophages
  A phantom (D:13)
  21 centaurs
  A big kobold (D:11)
  16 crocodiles
  6 brain worms
  24 giant frogs
  4 elf zombies (Ossuary)
  A gnoll sergeant (D:6)
  32 killer bees
  A wyvern skeleton (D:14)
  7 jellies
  6 scorpions
  A water moccasin skeleton (D:9)
  11 wights
  8 electric eels
  A lava snake (D:14)
  3 centaur zombies
  9 crimson imps
  2 draconian simulacra (IceCv)
  11 orc priests
  15 orc wizards
  2 giant frog skeletons (D:10)
  A quasit (D:5)
  Ijyb (D:2)
  A gnoll shaman (D:9)
  7 hounds
  Natasha (thrice) (D:3)
  7 iguanas
  3 troll simulacra (IceCv)
  16 worker ants
  17 sheep
  A spriggan simulacrum (IceCv)
  A centaur simulacrum (IceCv)
  A hound skeleton (D:5)
  3 mummies
  24 adders
  8 gnolls
  An ogre simulacrum (IceCv)
  2 shadow imps
  2 naga simulacra (IceCv)
  46 river rats
  14 white imps
  2 ufetubi (D:5)
  3 oozes (D:2)
  An adder zombie (Ossuary)
  An adder skeleton (D:6)
  21 worms
  5 giant geckos
  115 orcs
  7 ball pythons
  13 bats
  3 giant cockroaches
  15 goblins
  15 hobgoblins
  2 quokkas
  A giant gecko zombie (D:6)
  7 giant newts
  2 goblin zombies (Ossuary)
  12 hobgoblin zombies (Ossuary)
  12 jackals
  A jackal zombie (Ossuary)
  14 kobolds
  11 kobold zombies (Ossuary)
  A lurking horror (Abyss:1)
  3 orc zombies (Ossuary)
  13 rats
  A rat zombie (Ossuary)
  10 ballistomycetes (Swamp:2)
  4 briar patches (Swamp:2)
  A butterfly (Lair:2)
  19 fungi
  23 plants
1676 creatures vanquished.

Vanquished Creatures (others)
  3 orb spiders
  A wolf spider (Spider:3)
  An ugly thing (D:13)
  An iron dragon skeleton (Depths:1)
  A jumping spider (Spider:3)
  2 redbacks
  A trapdoor spider (Spider:3)
  2 tarantellas (Spider:2)
  A deep elf fighter (D:15)
  5 humans
  A spider (Spider:2)
  A wight (D:11)
  2 orc wizards (D:6)
  2 kobolds (D:11)
  3 giant spores (Swamp:2)
  A rat (D:6)
  3 ballistomycetes (Swamp:2)
  A briar patch (Swamp:2)
  11 fungi
  5 plants
  6 starspawn tentacles (Abyss:1)
  12 starspawn tentacle segments (Abyss:1)
66 creatures vanquished.

Grand Total: 1742 creatures vanquished

Notes
Turn   | Place    | Note
--------------------------------------------------------------
     0 | D:1      | Lugonue the Hill Orc Fighter began the quest for the Orb.
     0 | D:1      | Reached XP level 1. HP: 19/19 MP: 1/1
   164 | D:1      | Reached XP level 2. HP: 27/27 MP: 2/2
   243 | D:1      | You fall through a shaft!
   434 | D:2      | Noticed a scorpion
   442 | D:2      | Killed a scorpion
   442 | D:2      | Reached skill level 4 in Fighting
   442 | D:2      | Reached XP level 3. HP: 25/34 MP: 3/3
   442 | D:2      | Reached XP level 4. HP: 30/41 MP: 4/4
  1092 | D:2      | Noticed Ijyb
  1130 | D:2      | Killed Ijyb
  1130 | D:2      | Reached XP level 5. HP: 43/47 MP: 5/5
  2268 | D:3      | Noticed Natasha
  2271 | D:3      | Killed Natasha
  2271 | D:3      | Reached skill level 5 in Fighting
  2319 | D:3      | Reached XP level 6. HP: 40/56 MP: 6/6
  2354 | D:3      | Noticed Natasha
  2370 | D:3      | Killed Natasha
  2530 | D:3      | Noticed Natasha
  2532 | D:3      | Killed Natasha
  2810 | D:3      | Reached skill level 5 in Axes
  3109 | D:4      | Reached skill level 5 in Shields
  3119 | D:4      | Reached XP level 7. HP: 27/61 MP: 7/7
  3693 | D:4      | Reached skill level 6 in Axes
  3693 | D:4      | Reached skill level 5 in Armour
  4120 | D:5      | Entered Level 5 of the Dungeon
  4278 | D:5      | Noticed Sigmund
  4287 | D:5      | Killed Sigmund
  4287 | D:5      | Reached XP level 8. HP: 65/70 MP: 8/8
  4292 | D:5      | Noticed Eustachio
  4326 | D:5      | Killed Eustachio
  4326 | D:5      | Reached skill level 7 in Axes
  4499 | D:5      | Found a radiant altar of Vehumet.
  4499 | D:5      | Found a snail-covered altar of Cheibriados.
  4582 | D:6      | Found a shimmering altar of Xom.
  4594 | D:6      | Reached skill level 8 in Axes
  4629 | D:6      | Identified a scroll of acquirement
  4704 | D:6      | Reached XP level 9. HP: 27/79 MP: 9/9
  4974 | D:6      | Reached skill level 9 in Axes
  5130 | D:6      | Found a sand-covered staircase.
  5140 | Ossuary  | Entered an ossuary
  5489 | D:6      | Found a staircase to the Ecumenical Temple.
  5498 | Temple   | Entered the Ecumenical Temple
  5641 | Temple   | Became a worshipper of Warmaster Okawaru
  5778 | D:6      | Reached skill level 10 in Axes
  5815 | D:6      | Found a stormy altar of Qazlal.
  5819 | D:6      | Found a glowing golden altar of the Shining One.
  5824 | D:6      | Found an opulent altar of Gozag.
  6322 | D:7      | Found Vexkiaqy's Antique Weapon Shoppe.
  6624 | D:8      | Reached skill level 11 in Axes
  6644 | D:8      | Noticed Erica
  6648 | D:8      | Acquired Okawaru's first power
  6660 | D:8      | Reached XP level 10. HP: 42/88 MP: 7/10
  6668 | D:8      | Killed Erica
  6668 | D:8      | Reached skill level 12 in Axes
  6702 | D:8      | Noticed Maurice
  6732 | D:8      | Killed Maurice
  6939 | D:8      | Noticed Prince Ribbit
  7023 | D:8      | Killed Prince Ribbit
  7023 | D:8      | Reached skill level 13 in Axes
  7178 | D:8      | Got a scorched hand axe
  7179 | D:8      | Identified the +9 hand axe "Omuosut" {elec, rPois rC- Int+4} (You found it on level 8 of the Dungeon)
  7757 | D:8      | Reached skill level 10 in Fighting
  7934 | D:9      | Noticed Erolcha
  7949 | D:9      | Reached XP level 11. HP: 97/97 MP: 8/11
  7959 | D:9      | Killed Erolcha
  7971 | D:9      | Found a staircase to the Lair.
  8063 | D:9      | Reached skill level 10 in Shields
  8255 | D:9      | Found Yddimy's Armour Boutique.
  8551 | D:9      | Reached skill level 14 in Axes
  8582 | D:10     | Entered Level 10 of the Dungeon
  8982 | D:10     | Found a staircase to the Orcish Mines.
  9195 | D:9      | Bought the +4 scale mail "Zeocre" {Int+5 SInv} for 594 gold pieces
  9251 | Lair:1   | Entered Level 1 of the Lair of Beasts
  9848 | Lair:1   | Noticed a six-headed hydra
  9926 | Lair:1   | Reached skill level 1 in Dodging
 10023 | Lair:1   | Killed a 19-headed hydra
 10023 | Lair:1   | Acquired Okawaru's second power
 10479 | Lair:1   | Received a gift from Okawaru
 10715 | Lair:2   | Noticed Gastronok
 10734 | Lair:2   | Killed Gastronok
 10734 | Lair:2   | Reached XP level 12. HP: 108/108 MP: 10/12
 10814 | Lair:2   | Received a gift from Okawaru
 10935 | Lair:2   | Got a jewelled hand axe
 10936 | Lair:2   | Identified the +7 hand axe of Kexzept {freeze, Dex+4} (You found it on level 2 of the Lair of Beasts)
 12532 | Lair:4   | Got a pair of bloodstained boots
 12543 | Lair:4   | Identified the cursed -2 pair of boots "Zaohug" {*Drain MR+ Regen+ Dex+2} (You found it on level 4 of the Lair of Beasts)
 12580 | Lair:4   | Found a hole to the Spider Nest.
 12674 | Lair:4   | Noticed a five-headed hydra
 12685 | Lair:4   | Killed a one-headed hydra
 12685 | Lair:4   | Received a gift from Okawaru
 12685 | Lair:4   | Reached skill level 5 in Dodging
 13379 | Lair:5   | Gained mutation: You are partially covered in rugged brown scales (AC +1, +3% HP). [potion of beneficial mutation]
 13417 | Lair:5   | Reached XP level 13. HP: 88/117 MP: 13/13
 13595 | Lair:5   | Found a staircase to the Swamp.
 13928 | Lair:5   | You fall through a shaft for 3 floors!
 13928 | Lair:8   | Entered Level 8 of the Lair of Beasts
 13951 | Lair:8   | Received a gift from Okawaru
 14317 | Lair:8   | Reached skill level 10 in Armour
 14334 | Lair:8   | Got a slimy dagger
 14335 | Lair:8   | Identified the cursed +3 dagger of Hyisog {pain, +Rage rElec rF+ Dex+4} (You found it on level 8 of the Lair of Beasts)
 14379 | Lair:8   | Received a gift from Okawaru
 14382 | Lair:8   | Reached skill level 1 in Invocations
 14594 | Lair:8   | Reached XP level 14. HP: 105/125 MP: 14/14
 14619 | Lair:8   | HP: 5/127 [hornet (11)]
 14769 | Lair:7   | Noticed Kirke
 14782 | Lair:7   | Killed Kirke
 14811 | Lair:7   | Noticed Nessos
 14846 | Lair:7   | Killed Nessos
 14876 | Lair:7   | Found a staircase to the Slime Pits.
 15078 | Lair:7   | Reached skill level 10 in Dodging
 15505 | Lair:7   | Received a gift from Okawaru
 15510 | Lair:7   | Got an encrusted hand axe {god gift}
 15515 | Lair:7   | Identified the +3 hand axe of Irritation {vamp, rF+ MR- Str+6 SInv} (Okawaru gifted it to you on level 7 of the Lair of Beasts)
 15866 | Lair:8   | Paralysed by a hornet for 2 turns
 15905 | Lair:8   | Reached skill level 15 in Shields
 15924 | Lair:8   | Reached skill level 1 in Spellcasting
 16189 | Lair:8   | Received a gift from Okawaru
 16290 | Lair:8   | Reached skill level 5 in Spellcasting
 16415 | Lair:8   | Found a runed door.
 16937 | Lair:6   | Learned a level 6 spell: Deflect Missiles
 16944 | Lair:6   | Learned a level 6 spell: Haste
 17318 | Lair:6   | Reached XP level 15. HP: 115/133 MP: 26/26
 17589 | Orc:1    | Entered Level 1 of the Orcish Mines
 18220 | Orc:4    | Entered Level 4 of the Orcish Mines
 18254 | Orc:4    | Found a frozen archway.
 18281 | IceCv    | Entered an ice cave
 18584 | IceCv    | Got a transparent long sword
 18585 | IceCv    | Identified the cursed +1 long sword of Disorder {slice, rF+} (You found it in an ice cave)
 18590 | IceCv    | Got a heavily runed leather armour
 18601 | IceCv    | Identified the +0 leather armour "Lowk" {rC++ Str+4} (You found it in an ice cave)
 18771 | Orc:4    | Received a gift from Okawaru
 18771 | Orc:4    | Reached skill level 10 in Spellcasting
 18904 | Orc:4    | Found Vifat's Book Shoppe.
 18904 | Orc:4    | Found Kaij's Jewellery Boutique.
 18905 | Orc:4    | Found Towin's Assorted Antiques.
 18905 | Orc:4    | Found Jorrod Necoa's Weapon Emporium.
 18912 | Orc:4    | Bought a book of Minor Magic for 220 gold pieces
 18915 | Orc:4    | Learned a level 2 spell: Repel Missiles
 18918 | Orc:4    | Learned a level 2 spell: Blink
 18922 | Orc:4    | Learned a level 3 spell: Conjure Flame
 18938 | Orc:4    | Bought the ring "Beng" {rPois rF+ rC+ Str+8 Stlth-} for 789 gold pieces
 18941 | Orc:4    | Bought a glowing cloak for 135 gold pieces
 19018 | Orc:4    | Got a pitted war axe {god gift}
 19021 | Orc:4    | Identified the +7 war axe of the Valley of Death {flame, rC- rN+++ Str+3} (Okawaru gifted it to you on level 4 of the Orcish Mines)
 19443 | Spider:1 | Entered Level 1 of the Spider Nest
 19475 | Spider:1 | Received a gift from Okawaru
 19882 | Spider:1 | Learned a level 4 spell: Control Teleport
 19959 | Spider:1 | You fall through a shaft!
 20017 | Spider:2 | Noticed Xoff's ghost (powerful GrFi)
 20040 | Spider:2 | Killed Xoff's ghost
 20069 | Spider:2 | Reached skill level 1 in Fire Magic
 20112 | Spider:2 | Got a faintly glowing hand axe
 20113 | Spider:2 | Identified the cursed +2 hand axe "Huleesmo" {drain, Dex+4} (You found it on level 2 of the Spider Nest)
 20181 | Spider:2 | Received a gift from Okawaru
 20326 | Spider:2 | Reached XP level 16. HP: 110/141 MP: 32/32
 20410 | Spider:2 | Reached skill level 5 in Fire Magic
 21429 | Spider:4 | Entered Level 4 of the Spider Nest
 21445 | Spider:4 | Received a gift from Okawaru
 21587 | Spider:4 | Cast into the Abyss (a distortion unwield)
 21754 | Abyss:1  | Gained mutation: Your body sometimes deteriorates upon taking damage. [a shining eye]
 21756 | Abyss:1  | Gained mutation: You are somewhat resistant to further mutation. [a shining eye]
 21760 | Abyss:1  | Lost mutation: Your body sometimes deteriorates upon taking damage. [potion of cure mutation]
 21760 | Abyss:1  | Lost mutation: You are somewhat resistant to further mutation. [potion of cure mutation]
 21919 | Abyss:1  | Noticed a tentacled starspawn
 21928 | Abyss:1  | Killed a tentacled starspawn
 22121 | Abyss:1  | Reached skill level 10 in Fire Magic
 22146 | Abyss:1  | Noticed a tentacled starspawn
 22154 | Abyss:1  | Killed a tentacled starspawn
 22187 | Abyss:1  | Noticed a tentacled starspawn
 22194 | Abyss:1  | Killed a tentacled starspawn
 22290 | Spider:4 | Escaped the Abyss
 22567 | Spider:4 | Received a gift from Okawaru
 22581 | Spider:4 | Got a smoking plate armour {god gift}
 22591 | Spider:4 | Identified the +6 plate armour of Peek-a-Boo {Str+2} (Okawaru gifted it to you on level 4 of the Spider Nest)
 22618 | Spider:4 | Reached XP level 17. HP: 155/155 MP: 33/33
 22709 | Spider:4 | Reached skill level 15 in Fighting
 22921 | Spider:4 | Got a gossamer rune of Zot
 23255 | Spider:4 | Received a gift from Okawaru
 23509 | Swamp:1  | Entered Level 1 of the Swamp
 23803 | Swamp:1  | Received a gift from Okawaru
 24300 | Swamp:2  | Received a gift from Okawaru
 24303 | Swamp:2  | Got a jewelled hat {god gift}
 24314 | Swamp:2  | Identified the +0 hat of Ycviynwo {rC+} (Okawaru gifted it to you on level 2 of the Swamp)
 24570 | Swamp:3  | Noticed Louise
 24593 | Swamp:3  | Reached skill level 1 in Conjurations
 24607 | Swamp:3  | Killed Louise
 24744 | Swamp:3  | Gained mutation: You have a pair of small horns on your head. [potion of mutation]
 24744 | Swamp:3  | Gained mutation: You expend magic power (3 MP) to strengthen your wands. [potion of mutation]
 24744 | Swamp:3  | Gained mutation: You are mostly covered in rugged brown scales (AC +2, +5% HP). [potion of mutation]
 24977 | Swamp:3  | Reached XP level 18. HP: 171/171 MP: 34/34
 25081 | Swamp:4  | Entered Level 4 of the Swamp
 25125 | Swamp:4  | Received a gift from Okawaru
 25145 | Swamp:4  | Reached skill level 5 in Conjurations
 25215 | Swamp:4  | Got a polished ring mail {god gift}
 25226 | Swamp:4  | Identified the +1 ring mail "Hafulet" {rElec Int+4 Dex-5} (Okawaru gifted it to you on level 4 of the Swamp)
 25406 | Swamp:4  | Got a decaying rune of Zot
 25585 | Swamp:2  | Reached skill level 1 in Translocations
 26503 | D:11     | Found Uriec's Demolitions Depot.
 26523 | D:11     | Bought a book of Flames for 490 gold pieces
 26539 | D:11     | Learned a level 5 spell: Fireball
 26543 | D:11     | Learned a level 3 spell: Inner Flame
 26975 | D:12     | Found a labyrinth entrance.
 26986 | Lab      | Entered a labyrinth
 27485 | Lab      | Got an ancient wooden ring
 27491 | Lab      | Identified the ring "Gafi" {*Corrode rElec rPois rN+ Stlth+} (You found it in a labyrinth)
 27503 | Lab      | Got a pitted granite ring
 27504 | Lab      | Identified the ring of Egesoar {rC+ Stlth+} (You found it in a labyrinth)
 27521 | Lab      | Learned a level 4 spell: Sticky Flame
 27627 | D:12     | Learned a level 1 spell: Apportation
 27646 | D:12     | Received a gift from Okawaru
 27987 | D:12     | Found a radiant altar of Vehumet.
 28001 | D:12     | Fell from the grace of Okawaru
 28001 | D:12     | Became a worshipper of Vehumet
 28474 | D:13     | Found a glowing golden altar of the Shining One.
 28768 | D:13     | Noticed Donald
 28792 | D:13     | Acquired Vehumet's first power
 28792 | D:13     | Offered knowledge of Shock by Vehumet.
 28795 | D:13     | Killed Donald
 28834 | D:13     | Found a gate to the Vaults.
 29021 | D:13     | Reached skill level 15 in Fire Magic
 29262 | D:14     | Got a brightly glowing plate armour
 29273 | D:14     | Identified the cursed +0 plate armour of Misanthropy {rC+ Regen+ Str+4} (You found it on level 14 of the Dungeon)
 29296 | D:14     | Offered knowledge of Throw Frost by Vehumet.
 29692 | D:14     | Offered knowledge of Static Discharge by Vehumet.
 29710 | D:14     | Reached XP level 19. HP: 178/178 MP: 26/35
 30142 | D:15     | Entered Level 15 of the Dungeon
 30147 | D:15     | Acquired Vehumet's second power
 30162 | D:15     | Found a staircase to the Depths.
 30267 | D:15     | Noticed Josephine
 30278 | D:15     | Killed Josephine
 30278 | D:15     | Offered knowledge of Airstrike by Vehumet.
 30398 | D:15     | Acquired Vehumet's third power
 30512 | D:15     | Offered knowledge of Stone Arrow by Vehumet.
 30664 | D:15     | Noticed Agnes
 30675 | D:15     | Killed Agnes
 30861 | D:15     | Reached skill level 10 in Conjurations
 31108 | D:15     | Reached skill level 16 in Fire Magic
 31133 | Depths:1 | Entered Level 1 of the Depths
 31239 | Depths:1 | Found Xuugaw's Magic Scroll Shop.
 31278 | Depths:1 | Found a snail-covered altar of Cheibriados.
 31640 | Depths:1 | Offered knowledge of Ozocubu's Refrigeration by Vehumet.
 31656 | Depths:1 | Upgraded the game from 0.17-a0-1150-g17b0b87 to 0.17-a0-1164-g0ba867e
 31661 | Depths:1 | Found a shadowy altar of Dithmenos.
 32186 | Depths:1 | Found a gateway to Hell.
 32235 | Depths:1 | Reached skill level 1 in Charms
 32324 | Vaults:1 | Entered Level 1 of the Vaults
 32526 | Vaults:1 | Got an ichor-stained scale mail
 32537 | Vaults:1 | Identified the +8 scale mail "Cateclonk" {+Inv rPois rN+ Str-2} (You found it on level 1 of the Vaults)
 32732 | Vaults:1 | Reached skill level 5 in Translocations
 32761 | Vaults:1 | Reached skill level 17 in Fire Magic
 32839 | Vaults:1 | Offered knowledge of Olgreb's Toxic Radiance by Vehumet.
 33296 | Vaults:1 | Killed from afar by a titan

Vault maps used:
D:1:      elethiomel_arrival_quiet
D:2:      first_bread, minmay_misc_feat_enclosed, kennysheep_generic_room_7,
          uniq_iyjb
D:3:      uniq_natasha
D:4:      minmay_misc_feat_rugged
D:5:      gammafunk_temple_overflow_wave, uniq_sigmund, uniq_eustachio
D:6:      minmay_overflow_temple_star_quad, minmay_temple_entry_butterflies,
          gup_ossuary_entry_pyramid, portal_sewer_entry_b, xom_confusion_cloud
D:7:      serial_shops, nicolae_shop_statue_plus, grunt_ogre_cave
D:8:      minmay_ruffians, uniq_erica, uniq_maurice, uniq_prince_ribbit1
D:9:      dpeg_lair_monsters, serial_shops, shop, uniq_erolcha
D:10:     minmay_orc_entry_guard_dogs
D:11:     minmay_twisted_water, nicolae_blasting_shop
D:12:     basic_altar, lab_entry_generic
D:13:     david_vaults_3, tso_metal_star
D:15:     grunt_enter_depths_giant_problem, hangedman_abyss_or_decor_passed,
          serial_bayou_ford_a, uniq_josephine, uniq_agnes
Temple:   minmay_temple_curvy_14
Lair:2:   lemuel_fruit_fields, uniq_gastronok
Lair:3:   serial_bayou_pond_a, st_stairs_8
Lair:4:   nicolae_spider_entry_orb_guardian
Lair:5:   minmay_swamp_entry_swarm
Lair:6:   dragon1_lemuel
Lair:7:   slime_dummy, serial_bayou_shore_b, lemuel_fruit_tree, uniq_nessos,
          uniq_kirke
Lair:8:   hangedman_lair_tendril_chambers, wormcave, minmay_lair_drake_nest,
          infiniplex_staircase_pool
Swamp:1:  evilmike_swamp_ruin_house_1, swamp_pool1
Swamp:2:  nicolae_swamp_phyte_club, hangedman_swamp_ruin_hall, swamp_pool5
Swamp:3:  nicolae_swamp_triple_paths, swamp_pool1, grunt_witch_cave,
          infiniplex_staircase_pool_2, uniq_louise
Swamp:4:  swamp_fiery, swamp_pool2, uniq_roxanne, uniq_jorgrun
Spider:1: hangedman_spider_trapstep
Spider:4: grunt_spider_rune_parallel, special_room
Orc:3:    nicolae_orc_pool_cavern
Orc:4:    st_orc_ogre_mass, portal_ice_cave_entry_imps, lightli_orcish_oven
Vaults:1: hangedman_vaults_slice, nicolae_vaults_little_squares_5,
          nicolae_vaults_ring_of_whatevers, dpeg_vaults_monster_box, st_eye,
          hangedman_vaults_maws, v_misc_10, ontoclasm_vaults_idyll,
          vaults_mumra_minichess, vaults_dpeg_ring, vaults_room_fours,
          serial_shops, shop
Depths:1: serial_shops, shop, hellmouth_1, old_standard_altar,
          cheibriados_altar_1, serial_bayou_shore_b, firewood_loft,
          serial_bayou_shore_b, grunt_megastairs_4
Lab:      labyrinth_hidden_loot, lab_block
Ossuary:  ossuary_tomb_1
IceCv:    ice_cave_tombish

Action                   |  1- 3 |  4- 6 |  7- 9 | 10-12 | 13-15 | 16-18 | 19-21 || total
-------------------------+-------+-------+-------+-------+-------+-------+-------++-------
Melee: War axe           |    51 |   269 |   349 |    89 |   193 |  1169 |   367 ||  2487
       Hand axe          |       |       |       |   283 |   306 |     3 |    31 ||   623
       Broad axe         |       |       |       |   215 |   763 |   280 |       ||  1258
       Unarmed           |       |       |       |       |    32 |       |       ||    32
Throw: Javelin           |       |       |       |     5 |       |       |       ||     5
 Cast: Repel Missiles    |       |       |       |       |     1 |     5 |     1 ||     7
       Conjure Flame     |       |       |       |       |     1 |     2 |     7 ||    10
       Blink             |       |       |       |       |     1 |     1 |    14 ||    16
       Fireball          |       |       |       |       |       |    25 |    58 ||    83
       Inner Flame       |       |       |       |       |       |    10 |    37 ||    47
       Sticky Flame      |       |       |       |       |       |     4 |    19 ||    23
       Apportation       |       |       |       |       |       |       |     1 ||     1
Invok: Heroism           |       |       |     1 |     8 |    20 |    12 |       ||    41
       Finesse           |       |       |       |       |     3 |     4 |       ||     7
 Abil: Stop Flying       |       |       |     1 |       |       |       |       ||     1
Evoke: Wand              |       |       |       |     5 |     2 |     5 |     1 ||    13
  Use: Scroll            |     3 |     5 |    10 |    22 |    23 |    15 |     1 ||    79
       Potion            |     1 |     1 |     2 |     5 |     7 |    13 |     4 ||    33
 Stab: Distracted        |       |       |       |     1 |       |     1 |       ||     2
       Paralysed         |       |       |       |    12 |     4 |       |       ||    16
       Confused          |       |       |       |       |       |     1 |       ||     1
       Invisible         |       |       |       |       |       |       |     3 ||     3
  Eat: Chunk             |       |     7 |     4 |    11 |     3 |     6 |     4 ||    35
       Beef jerky        |       |       |     1 |       |     4 |     4 |       ||     9
       Royal jelly       |       |       |     1 |       |       |       |       ||     1
       Meat ration       |       |       |     1 |     2 |     3 |     5 |     2 ||    13
       Fruit             |       |       |       |     2 |     9 |     3 |     2 ||    16
       Pizza             |       |       |       |       |       |     1 |       ||     1
